NYP
BOISE HAWKS @ WILLIAMSPORT CROSSCUTTERS
09/02/2045
 
TOP OF THE 1ST
Boise Hawks batting - Pitching for Williamsport Crosscutters : RHP Justin Ashton
Pitching: RHP Justin Ashton
Batting: SHB Pete Perla 0-0: Ball
1-0: Ball
2-0: Ball
3-0: Base on Balls
Batting: RHB Bobby Gulsby 0-0: Ball
Pete Perla is caught stealing 2nd base 2-4
1-0: Ground out 4-3 (Groundball, 4M, EV 102.5 MPH)
Batting: LHB Roy Riess 0-0: Foul Ball, location: 2F
0-1: Ball
1-1: Ball
2-1: Foul Ball, location: 2F
2-2: Strikes out swinging
Top of the 1st over - 0 runs, 0 hits, 0 errors, 0 left on base; Boise 0 - Williamsport 0
BOTTOM OF THE 1ST
Williamsport Crosscutters batting - Pitching for Boise Hawks : RHP Rich Reinbolt
Pitching: RHP Rich Reinbolt
Batting: RHB Tony Perez 0-0: Bunt missed!
0-1: Called Strike
0-2: Ball
1-2: Ball
2-2: Foul Ball, location: 2F
2-2: Foul Ball, location: 2F
2-2: Ball
3-2: Foul Ball, location: 2F
3-2: Base on Balls
Batting: RHB Alan Weller 0-0: Ball
Tony Perez steals 2nd base
1-0: Fly out, F8 (Flyball, 89D, EV 98.8 MPH)
Runner from 2nd tags up, SAFE at 3rd, no throw by CF
Batting: RHB Allen Gravel 0-0: Swinging Strike
0-1: Ball
1-1: Ball
2-1: Ground out 2-3 (Groundball, 2R, EV 64.4 MPH)
Batting: RHB Trent Hedrick 0-0: Ball
1-0: Called Strike
1-1: Ball
2-1: SINGLE (Line Drive, 89M, EV 106.9 MPH)
Tony Perez scores
Batting: RHB Jake Cox 0-0: Called Strike
0-1: Called Strike
0-2: Ball
1-2: Strikes out looking
Bottom of the 1st over - 1 run, 1 hit, 0 errors, 1 left on base; Boise 0 - Williamsport 1
TOP OF THE 2ND
Boise Hawks batting - Pitching for Williamsport Crosscutters : RHP Justin Ashton
Batting: RHB Mike Manchester 0-0: Called Strike
0-1: Ground out 6-3 (Groundball, 6M, EV 87.5 MPH)
Batting: LHB Chris Raymond 0-0: Ball
1-0: Called Strike
1-1: Foul Ball, location: 2F
1-2: Foul Ball, location: 2F
1-2: Strikes out swinging
Batting: RHB Matt Robert 0-0: Foul Ball, location: 2F
0-1: Foul Ball, location: 2F
0-2: Strikes out swinging
Top of the 2nd over - 0 runs, 0 hits, 0 errors, 0 left on base; Boise 0 - Williamsport 1
BOTTOM OF THE 2ND
Williamsport Crosscutters batting - Pitching for Boise Hawks : RHP Rich Reinbolt
Batting: RHB Jose Corral 0-0: Ball
1-0: Foul Ball, location: 2F
1-1: Swinging Strike
1-2: Foul Ball, location: 2F
1-2: Ball
2-2: Ball
3-2: Strikes out looking
Batting: RHB Ken Gadberry 0-0: Ball
1-0: Foul Ball, location: 2F
1-1: Foul Ball, location: 2F
1-2: Ball
2-2: Ground out 3-1 (Groundball, 34, EV 100.6 MPH)
Batting: LHB Manoel Camp 0-0: Ball
1-0: Foul Ball, location: 2F
1-1: Ball
2-1: Ground out 6-3 (Groundball, 6, EV 105.6 MPH)
Bottom of the 2nd over - 0 runs, 0 hits, 0 errors, 0 left on base; Boise 0 - Williamsport 1
TOP OF THE 3RD
Boise Hawks batting - Pitching for Williamsport Crosscutters : RHP Justin Ashton
Batting: SHB Malik Whitted 0-0: Ball
1-0: Ball
2-0: Ball
3-0: Base on Balls
Batting: RHB Nick Rang 0-0: Called Strike
0-1: Called Strike
0-2: SINGLE (Groundball, P, EV 97.5 MPH)
Malik Whitted to second
Batting: LHB Mick Knopp 0-0: Foul Ball, location: 2F
0-1: Foul Ball, location: 2F
0-2: Strikes out swinging
Batting: SHB Pete Perla 0-0: Called Strike
0-1: Ball
1-1: Swinging Strike
1-2: Foul Ball, location: 2F
1-2: Ball
2-2: Ball
3-2: Foul Ball, location: 2F
3-2: Base on Balls
Malik Whitted to third
Nick Rang to second
Batting: RHB Bobby Gulsby 0-0: Ball
1-0: Ball
2-0: Swinging Strike
2-1: Called Strike
2-2: Ball
3-2: SINGLE (Groundball, 23, EV 61.9 MPH) (infield hit)
Malik Whitted scores
Nick Rang to third
Pete Perla to second
Batting: LHB Roy Riess 0-0: Called Strike
0-1: Called Strike
0-2: Foul Ball, location: 2F
0-2: Ball
1-2: Fly out, F8 (Flyball, 78S, EV 96.9 MPH)
Batting: RHB Mike Manchester 0-0: Called Strike
0-1: Fly out, F5 (Line Drive, 5, EV 70.0 MPH)
Top of the 3rd over - 1 run, 2 hits, 0 errors, 3 left on base; Boise 1 - Williamsport 1
BOTTOM OF THE 3RD
Williamsport Crosscutters batting - Pitching for Boise Hawks : RHP Rich Reinbolt
Batting: RHB Brian Burd 0-0: Bunt missed!
0-1: Foul Ball, location: 2F
0-2: Strikes out swinging
Batting: RHB Tony Perez 0-0: Fly out, F8 (Flyball, 8LM, EV 92.5 MPH)
Batting: RHB Alan Weller 0-0: Ground out 6-3 (Groundball, 6, EV 85.6 MPH)
Bottom of the 3rd over - 0 runs, 0 hits, 0 errors, 0 left on base; Boise 1 - Williamsport 1
TOP OF THE 4TH
Boise Hawks batting - Pitching for Williamsport Crosscutters : RHP Justin Ashton
Batting: LHB Chris Raymond 0-0: Ball
1-0: Ball
2-0: Called Strike
2-1: Ball
3-1: Foul Ball, location: 2F
3-2: Foul Ball, location: 2F
3-2: Base on Balls
Batting: RHB Matt Robert 0-0: Called Strike
0-1: Called Strike
0-2: Ball
1-2: Foul Ball, location: 2F
1-2: Strikes out swinging
Batting: SHB Malik Whitted 0-0: Ball
1-0: Ball
2-0: Called Strike
2-1: Swinging Strike
2-2: Foul Ball, location: 2F
2-2: Foul Ball, location: 2F
2-2: Ball
3-2: Strikes out swinging
Chris Raymond steals 2nd base
Batter strikes out.
Pitching: RHP Bobby Savoy
Batting: RHB Nick Rang 0-0: Fly out, F4 (Popup, 3D, EV 68.8 MPH)
Top of the 4th over - 0 runs, 0 hits, 0 errors, 1 left on base; Boise 1 - Williamsport 1
BOTTOM OF THE 4TH
Williamsport Crosscutters batting - Pitching for Boise Hawks : RHP Rich Reinbolt
Batting: RHB Allen Gravel 0-0: SINGLE (Groundball, 6S, EV 95.6 MPH)
Batting: RHB Trent Hedrick 0-0: Called Strike
0-1: Called Strike
0-2: Ball
1-2: Ball
2-2: SINGLE (Groundball, 6D, EV 100.6 MPH)
Allen Gravel to second
Batting: RHB Jake Cox 0-0: Swinging Strike
0-1: Ball
1-1: Ball
2-1: Ball
3-1: Base on Balls
Allen Gravel to third
Trent Hedrick to second
Batting: RHB Jose Corral 0-0: Swinging Strike
0-1: Called Strike
0-2: Grounds into double play, 6-4-3 (Groundball, 6, EV 83.1 MPH)
Allen Gravel scores
Trent Hedrick to third
Batting: RHB Ken Gadberry 0-0: Foul Ball, location: 2F
0-1: SINGLE (Flyball, 34D, EV 84.4 MPH)
Trent Hedrick scores
Batting: LHB Manoel Camp 0-0: Ball
1-0: Ball
2-0: Ball
3-0: Base on Balls
Ken Gadberry to second
Batting: RHB Brian Burd 0-0: Ball
1-0: Ball
2-0: Ball
3-0: Called Strike
3-1: SINGLE (Line Drive, 5D, EV 96.2 MPH)
Ken Gadberry to third
Manoel Camp to second
Runner from 3rd tries for Home, SAFE, throw by LF to home
Batting: RHB Tony Perez 0-0: Fielders Choice at 2nd, 5-4 (Groundball, 5, EV 86.9 MPH)
Bottom of the 4th over - 3 runs, 4 hits, 0 errors, 2 left on base; Boise 1 - Williamsport 4
TOP OF THE 5TH
Boise Hawks batting - Pitching for Williamsport Crosscutters : RHP Bobby Savoy
Batting: LHB Mick Knopp 0-0: Ball
1-0: Ball
2-0: SINGLE (Line Drive, 7S, EV 93.1 MPH)
Batting: SHB Pete Perla 0-0: Fly out, F9 (Flyball, 9LM, EV 88.1 MPH)
Batting: RHB Bobby Gulsby 0-0: Ball
1-0: Ball
Mick Knopp steals 2nd base
2-0: Fly out, F8 (Line Drive, 8RD, EV 87.5 MPH)
Batting: LHB Roy Riess 0-0: Ball
1-0: Ball
2-0: Called Strike
2-1: Ball
3-1: Ground out U3 (Groundball, 3, EV 86.9 MPH)
Top of the 5th over - 0 runs, 1 hit, 0 errors, 1 left on base; Boise 1 - Williamsport 4
BOTTOM OF THE 5TH
Williamsport Crosscutters batting - Pitching for Boise Hawks : RHP Rich Reinbolt
Pitching: RHP Chad Norris
Batting: RHB Alan Weller 0-0: Foul Ball, location: 2F
0-1: Foul Ball, location: 7LSF, Error on foul ball, E7
0-2: Ball
1-2: Foul Ball, location: 2F
1-2: DOUBLE (Line Drive, 9LM, EV 87.5 MPH)
Batting: RHB Allen Gravel 0-0: Ball
1-0: Foul Ball, location: 2F
1-1: Called Strike
1-2: Strikes out swinging
Batting: RHB Trent Hedrick 0-0: Ground out U3 (Groundball, 34S, EV 76.9 MPH)
Alan Weller to third
Batting: RHB Jake Cox 0-0: Ball
1-0: Foul Ball, location: 2F
1-1: Foul Ball, location: 2F
1-2: Foul Ball, location: 2F
1-2: Ball
Passed Ball!
Alan Weller scores
2-2: Strikes out looking
Bottom of the 5th over - 1 run, 1 hit, 1 error, 0 left on base; Boise 1 - Williamsport 5
TOP OF THE 6TH
Boise Hawks batting - Pitching for Williamsport Crosscutters : RHP Bobby Savoy
Batting: RHB Mike Manchester 0-0: Ball
1-0: Foul Ball, location: 2F
1-1: Foul Ball, location: 2F
1-2: Strikes out swinging
Batting: LHB Chris Raymond 0-0: Called Strike
0-1: Ball
1-1: Called Strike
1-2: Foul Ball, location: 2F
1-2: Strikes out swinging, 2-3 out at first.
Batting: RHB Matt Robert 0-0: Called Strike
0-1: Ball
1-1: Ball
2-1: Fly out, F4 (Popup, 34, EV 80.6 MPH)
Top of the 6th over - 0 runs, 0 hits, 0 errors, 0 left on base; Boise 1 - Williamsport 5
BOTTOM OF THE 6TH
Williamsport Crosscutters batting - Pitching for Boise Hawks : RHP Chad Norris
Batting: RHB Jose Corral 0-0: Ball
1-0: Swinging Strike
1-1: Ground out 5-3 (Groundball, 5L, EV 87.5 MPH)
Batting: RHB Ken Gadberry 0-0: Swinging Strike
0-1: Swinging Strike
0-2: Strikes out looking
Batting: LHB Manoel Camp 0-0: Ball
1-0: Called Strike
1-1: Ball
2-1: Ball
3-1: Foul Ball, location: 2F
3-2: SINGLE (Groundball, 6M, EV 80.0 MPH) (infield hit)
Batting: RHB Brian Burd 0-0: Ball
1-0: Called Strike
1-1: Ball
2-1: Ball
3-1: Called Strike
3-2: Strikes out swinging
Bottom of the 6th over - 0 runs, 1 hit, 0 errors, 1 left on base; Boise 1 - Williamsport 5
TOP OF THE 7TH
Boise Hawks batting - Pitching for Williamsport Crosscutters : RHP Bobby Savoy
Pitching: RHP Tony Trevino
Batting: SHB Malik Whitted 0-0: Ball
1-0: Ball
2-0: Ball
3-0: Called Strike
3-1: Base on Balls
Batting: RHB Nick Rang 0-0: Fielders Choice at 2nd, 4-6 (Groundball, 4, EV 86.9 MPH)
Batting: LHB Mick Knopp 0-0: Ball
1-0: Ball
2-0: Called Strike
2-1: Ball
3-1: Called Strike
3-2: Fly out, F8 (Flyball, 8RS, EV 88.8 MPH)
Batting: SHB Pete Perla 0-0: Ball
1-0: Foul Ball, location: 2F
1-1: Ball
2-1: Foul Ball, location: 2F
2-2: 2-RUN HOME RUN (Line Drive, 9LD, EV 93.8 MPH), Distance : 357 ft
Batting: RHB Bobby Gulsby 0-0: Called Strike
0-1: Ball
1-1: Called Strike
1-2: Ball
2-2: Foul Ball, location: 2F
2-2: Foul Ball, location: 2F
2-2: Fly out, F9 (Flyball, 9LS, EV 95.6 MPH)
Top of the 7th over - 2 runs, 1 hit, 0 errors, 0 left on base; Boise 3 - Williamsport 5
BOTTOM OF THE 7TH
Williamsport Crosscutters batting - Pitching for Boise Hawks : RHP Chad Norris
Pitching: RHP Jeff Wemp
Batting: RHB Tony Perez 0-0: Ball
1-0: Ground out 1-3 (Groundball, 13S, EV 69.4 MPH)
Batting: RHB Alan Weller 0-0: Ball
1-0: Ball
2-0: SINGLE (Groundball, 3, EV 96.2 MPH)
Batting: RHB Allen Gravel 0-0: Called Strike
0-1: Ball
Alan Weller steals 2nd base
1-1: Ground out 5-3 (Groundball, 56S, EV 88.1 MPH)
Batting: RHB Trent Hedrick 0-0: Called Strike
0-1: Called Strike
0-2: Foul Ball, location: 2F
0-2: Ball
1-2: Foul Ball, location: 2F
1-2: SINGLE (Groundball, 6MD, EV 104.4 MPH)
Alan Weller to third
Runner from 3rd tries for Home, SAFE, throw by CF to home
Batting: RHB Jake Cox 0-0: Foul Ball, location: 2F
0-1: Ball
1-1: Foul Ball, location: 2F
1-2: Ball
2-2: Foul Ball, location: 2F
2-2: Fly out, F8 (Flyball, 78M, EV 96.9 MPH)
Bottom of the 7th over - 1 run, 2 hits, 0 errors, 1 left on base; Boise 3 - Williamsport 6
TOP OF THE 8TH
Boise Hawks batting - Pitching for Williamsport Crosscutters : RHP Tony Trevino
Pitching: RHP Masaji Ota
Batting: LHB Roy Riess 0-0: Fly out, F7 (Flyball, 7, EV 90.6 MPH)
Pinch Hitting: LHB Matt Steinke 0-0: Ball
1-0: Ball
2-0: Swinging Strike
2-1: Swinging Strike
2-2: Ball
3-2: Base on Balls
Batting: LHB Chris Raymond 0-0: Foul Ball, location: 2F
0-1: Ball
1-1: Foul Ball, location: 2F
1-2: Fly out, F7 (Flyball, 78S, EV 87.5 MPH)
Batting: RHB Matt Robert 0-0: Called Strike
0-1: Swinging Strike
0-2: Strikes out swinging
Top of the 8th over - 0 runs, 0 hits, 0 errors, 1 left on base; Boise 3 - Williamsport 6
BOTTOM OF THE 8TH
Williamsport Crosscutters batting - Pitching for Boise Hawks : RHP Jeff Wemp
Pitching: RHP Javier Leon
Now at 1B: Matt Steinke
Now at 3B: Chris Raymond
Now in RF: Matt Robert
Batting: RHB Jose Corral 0-0: Ball
1-0: Called Strike
1-1: Swinging Strike
1-2: Foul Ball, location: 2F
1-2: Ball
2-2: Foul Ball, location: 2F
2-2: Foul Ball, location: 2F
2-2: Strikes out swinging
Batting: RHB Ken Gadberry 0-0: Called Strike
0-1: Ball
1-1: Foul Ball, location: 2F
1-2: Ball
2-2: Strikes out swinging
Batting: LHB Manoel Camp 0-0: Called Strike
0-1: Ball
1-1: Foul Ball, location: 2F
1-2: Ball
2-2: Ground out 6-3 (Groundball, 6S, EV 61.9 MPH)
Bottom of the 8th over - 0 runs, 0 hits, 0 errors, 0 left on base; Boise 3 - Williamsport 6
TOP OF THE 9TH
Boise Hawks batting - Pitching for Williamsport Crosscutters : RHP Masaji Ota
Pitching: RHP Tyler Bach
Batting: SHB Malik Whitted 0-0: Foul Ball, location: 2F
0-1: Ground out 5-3 (Groundball, 6, EV 91.2 MPH)
Pinch Hitting: SHB Morgan Batson 0-0: Fly out, F8 (Flyball, 8RXD, EV 86.9 MPH)
Batting: LHB Mick Knopp 0-0: Ball
1-0: Ball
2-0: Swinging Strike
2-1: Foul Ball, location: 2F
2-2: Strikes out looking
Top of the 9th over - 0 runs, 0 hits, 0 errors, 0 left on base; Boise 3 - Williamsport 6
Wednesday, June 22nd , 2022 - OOTP Baseball 23.4 Build 64